 Dungeon Sprint DCSS version 0.28-a0-258-g8de209e91f (webtiles) character file.

Game seed: 16416883878103929366

3440 MikeHunt the Blocker (level 10, 0/76 HPs)
             Began as a Formicid Fighter on Aug 26, 2021.
             Was an Elder of Okawaru.
             Succumbed to a redback's poison
             ... in the Dungeon (Sprint III: "The Ten Rune Challenge").
             The game lasted 00:06:45 (1512 turns).

MikeHunt the Blocker (Formicid Fighter)             Turns: 1512, Time: 00:06:46

Health: 0/76       AC:  8    Str: 21    XL:     10   Next: 26%
Magic:  16/16      EV: 11    Int: 10    God:    Okawaru [****..]
Gold:   1801       SH: 13    Dex: 13    Spells: 9/9 levels left

rFire   . . .      SeeInvis +   n - +0 spear (flame)
rCold   . . .      Faith    .   c - +0 kite shield
rNeg    . . .      Spirit   .   b - +0 scale mail
rPois   +          Reflect  .   (helmet unavailable)
rElec   .          Harm     .   d - +0 cloak
rCorr   .          Rampage  .   (no gloves)
Will    +....      Clarity  +   (no boots)
Stlth   ..........              (no amulet)
HPRegen 0.22/turn               (no ring)
MPRegen 0.15/turn               (no ring)

@: lethally poisoned (0 -> -1)
A: permanent stasis, dig shafts and tunnels, antennae 3, four strong arms,
clarity, clever 1, poison resistance
a: Dig, Renounce Religion, Heroism, Finesse


You were in the Dungeon.
You worshipped Okawaru.
Okawaru was greatly pleased with you.
You visited 1 branch You collected 2113 gold pieces.
You spent 312 gold pieces at shops.

Inventory:

Hand Weapons
 a - a +0 trident
 n - a +0 spear of flaming (weapon)
 o - a +2 vorpal arbalest
Armour
 b - a +0 scale mail (worn)
 c - a +0 kite shield (worn)
 d - a +0 cloak (worn)
Scrolls
 i - a scroll of torment {unknown}
 j - 4 scrolls of identify
 l - a scroll of immolation {unknown}
Potions
 g - 2 potions of magic
 h - 2 potions of mutation
 k - 3 potions of flight
Miscellaneous
 m - a phantom mirror


   Skills:
 - Level 6.2 Fighting
 - Level 14.0 Polearms
 + Level 7.3 Crossbows
 - Level 6.2 Armour
 - Level 4.2 Dodging
 - Level 14.1 Shields
 - Level 8.6 Invocations


You had 9 spell levels left.
You didn't know any spells.
Your spell library contained the following spells:

 Spells                   Type           Power      Damage    Failure   Level
 Dazzling Flash           Conj/Hex       0%         N/A       96%         3
 Iskenderun's Mystic Bla  Conj/Tloc      0%         2d3       100%        4
 Starburst                Conj/Fire      0%         6d3       100%        6


Dungeon Overview and Level Annotations

Branches:
Dungeon (1/1)

Altars:
Cheibriados
Dithmenos
Elyvilon
Fedhas
Gozag
Hepliaklqana
Kikubaaqudgha
Makhleb
Nemelex Xobeh
Okawaru
Qazlal
Ru
Sif Muna
Trog
Uskayaw
Vehumet
Wu Jian
Xom
Yredelemnul
Zin
The Shining One
Beogh
Jiyva
Lugonu

Shops:
D *


Innate Abilities, Weirdness & Mutations

You cannot be hasted, slowed, berserked, paralysed or teleported.
You can dig through walls and to a lower floor.
You have a pair of large antennae on your head. (SInv)
Your four strong arms can wield two-handed weapons with a shield.
You possess an exceptional clarity of mind.
Your mind is acute. (Int +2)
Your system is resistant to poisons. (rPois)


Message History

* * * LOW HITPOINT WARNING * * *
You feel very sick.
* * * LOW HITPOINT WARNING * * *
You feel very sick.
* * * LOW HITPOINT WARNING * * *
You feel very sick.
Things that are here:
a +0 giant spiked club; a +0 giant spiked club
* * * LOW HITPOINT WARNING * * *
You feel sick.
* * * LOW HITPOINT WARNING * * *
You feel sick.
There is a lethal amount of poison in your body!
* * * LOW HITPOINT WARNING * * *
You feel sick.
It was a potion of mutation.
You feel extremely strange.
Iridescent scales grow over part of your body.
* * * LOW HITPOINT WARNING * * *
You feel sick.
Unknown command.
Really quaff the potion of mutation? [Y]es or [N]o only, please.
Really quaff the potion of mutation? [Y]es or [N]o only, please.
Really quaff the potion of mutation?
You feel extremely strange.
Your iridescent scales disappear.
You feel resistant to poisons.
You feel clever.
Your thoughts seem clearer.
* * * LOW HITPOINT WARNING * * *
You feel sick.
Unknown command.
There is a lethal amount of poison in your body!
Okay, then.
Unknown command.
Okay, then.
Unknown command.
Okay, then.
Unknown command.
There is a lethal amount of poison in your body!
You die...

##########.#.#.###.#
_#___#__##∩........+
.#__)#)_#..........# {{
'#'###'##........### {
...)....#...)......# {{
).......#.#.#.#.##.# {
.######'#..###.#.###
.#__#...#+.#############
.#__#....)..)#.#@#..().#
##__#...##.#..#.##.###)#
.#__#.).'##.#.#.##.# ##
_#__'...#.).#..#.)##
▓▓▓▓▓▓▓▓▓▓▓▓▓▓▓▓▓▓▓ { {
{ { { {{


There were no monsters in sight!

Vanquished Creatures
  Erolcha (D)
  A deep elf pyromancer (D)
  A shadow (D)
  2 redbacks (D)
  A spatial vortex (D)
  3 orc warriors (D)
  A necrophage (D)
  5 two-headed ogres (D)
  A water elemental (D)
  A jelly (D)
  3 orc priests (D)
  3 orc wizards (D)
  A wizard (D)
  A necromancer (D)
  A kobold demonologist (D)
  3 humans (D)
  A phantom (D)
  7 orcs (D)
  4 rats (D)
41 creatures vanquished.

Vanquished Creatures (others)
  A plant (D)
1 creature vanquished.

Grand Total: 42 creatures vanquished

Notes
Turn   | Place    | Note
-------+----------+-------------------------------------------
     0 | D        | MikeHunt the Formicid Fighter began the quest for the Orb.
     0 | D        | Reached XP level 1. HP: 18/18 MP: 1/1
    43 | D        | Reached XP level 2. HP: 22/24 MP: 2/2
    70 | D        | Reached XP level 3. HP: 27/29 MP: 3/3
    99 | D        | Noticed a water elemental
   106 | D        | Killed a water elemental
   107 | D        | Reached XP level 4. HP: 10/35 MP: 4/4
   115 | D        | Found a hide-covered altar of Uskayaw.
   115 | D        | Found an iron altar of Okawaru.
   115 | D        | Found a bloodstained altar of Trog.
   115 | D        | Found an ornate altar of the Wu Jian Council.
   115 | D        | Noticed a human
   115 | D        | Noticed a human
   125 | D        | Killed a human
   126 | D        | Reached skill level 10 in Shields
   126 | D        | Reached XP level 5. HP: 35/41 MP: 5/5
   126 | D        | Reached XP level 6. HP: 40/47 MP: 6/6
   132 | D        | Killed a human
   146 | D        | Became a worshipper of Warmaster Okawaru
   351 | D        | Noticed a shadow
   361 | D        | Killed a shadow
   361 | D        | Reached * piety under Okawaru
   362 | D        | Reached skill level 10 in Polearms
   362 | D        | Reached XP level 7. HP: 52/52 MP: 7/7
   365 | D        | Found a shadowy altar of Dithmenos.
   385 | D        | Found a basalt altar of Yredelemnul.
   385 | D        | Found a sacrificial altar of Ru.
   564 | D        | Found a glowing silver altar of Zin.
   565 | D        | Found a glowing golden altar of the Shining One.
   565 | D        | Found a white marble altar of Elyvilon.
   565 | D        | Noticed a deep elf pyromancer
   580 | D        | Killed a deep elf pyromancer
   580 | D        | Reached ** piety under Okawaru
   581 | D        | Reached XP level 8. HP: 38/58 MP: 9/12
   686 | D        | Found a radiant altar of Vehumet.
   688 | D        | Found a shimmering blue altar of Sif Muna.
   688 | D        | Found an ancient bone altar of Kikubaaqudgha.
   712 | D        | Found a blossoming altar of Fedhas.
   712 | D        | Found a stormy altar of Qazlal.
   713 | D        | Found a snail-covered altar of Cheibriados.
   713 | D        | Found a burning altar of Makhleb.
   713 | D        | Found a hazy altar of Hepliaklqana.
   713 | D        | Found a shimmering altar of Xom.
   713 | D        | Found an opulent altar of Gozag.
   713 | D        | Found a sparkling altar of Nemelex Xobeh.
   713 | D        | Found a corrupted altar of Lugonu.
   713 | D        | Found a viscous altar of Jiyva.
   728 | D        | Reached skill level 1 in Dodging
   787 | D        | Reached XP level 9. HP: 66/66 MP: 12/14
   905 | D        | Noticed a two-headed ogre
   920 | D        | Killed a two-headed ogre
   921 | D        | Reached skill level 5 in Fighting
   921 | D        | Reached skill level 5 in Armour
  1114 | D        | Reached *** piety under Okawaru
  1391 | D        | Found Imimenn's General Store.
  1425 | D        | Bought a +0 spear of flaming for 88 gold pieces
  1425 | D        | Bought a +2 vorpal arbalest for 224 gold pieces
  1446 | D        | Noticed a two-headed ogre
  1449 | D        | Noticed Erolcha
  1466 | D        | Killed Erolcha
  1466 | D        | Reached **** piety under Okawaru
  1467 | D        | Reached skill level 5 in Crossbows
  1467 | D        | Reached XP level 10. HP: 69/76 MP: 14/16
  1500 | D        | Received a gift from Okawaru
  1509 | D        | HP: 2/76 [poisoned by a redback]
  1510 | D        | Gained mutation: You are partially covered in iridescent
                  | scales. (AC +2) [potion of mutation]
  1511 | D        | Lost mutation: You are partially covered in iridescent
                  | scales. (AC +2) [potion of mutation]
  1511 | D        | Gained mutation: Your system is resistant to poisons.
                  | (rPois) [potion of mutation]
  1511 | D        | Gained mutation: Your mind is acute. (Int +2) [potion of
                  | mutation]
  1511 | D        | Gained mutation: You possess an exceptional clarity of
                  | mind. [potion of mutation]
  1512 | D        | Succumbed to a redback's poison

Illustrated notes

Levels and vault maps discovered:
D:        dungeon_sprint_mu [sprint_mu_entry_forest, sprint_mu_temple_rooms,
          sprint_mu_d1_spiders, sprint_mu_d2_genie, sprint_mu_d3_branching,
          sprint_mu_orc_legion, sprint_mu_elf_gauntlet, sprint_mu_hive_nellie,
          sprint_mu_lair_fedhas, sprint_mu_vaults_butterflies,
          sprint_mu_slime_circle, sprint_mu_swamp_cave, sprint_mu_shoals_archi,
          sprint_mu_blade_basic, sprint_mu_crypt_lich, sprint_mu_tomb_spiral,
          sprint_mu_vestibule_basic, sprint_mu_gehenna_hellfire,
          sprint_mu_dis_giant, sprint_mu_tartarus_statrot,
          sprint_mu_cocytus_islands, sprint_mu_zot1]

Skill      XL: |  1  2  3  4  5  6  7  8  9 10 |
---------------+-------------------------------+-----
Shields        | 4 6 7 10 12 14 | 14.1
Polearms       | 3 4 6 8 10 12 13 14 | 14.0
Invocations    | 6 7 8 |  8.6
Dodging        | 2 4 |  4.2
Fighting       | 4 6 |  6.2
Armour         | 4 6 |  6.2
Crossbows      | 5 7 |  7.3

Action                   |  1- 3 |  4- 6 |  7- 9 | 10-12 || total
-------------------------+-------+-------+-------+-------++-------
Melee: Trident           |    34 |    24 |   185 |       ||   243
       Spear             |       |       |    21 |    34 ||    55
Invok: Heroism           |       |       |     7 |       ||     7
 Abil: Dig               |       |       |     2 |       ||     2
  Use: Potion            |     1 |     2 |       |     4 ||     7
 Stab: Sleeping          |       |       |     1 |       ||     1
Armor: Scale mail        |     7 |     3 |    11 |     1 ||    22
Dodge: Dodged            |     7 |     7 |    14 |     7 ||    35
Block: Kite shield       |     9 |     7 |    57 |     9 ||    82

Table legend: (Time is in decaauts)
 A = Elapsed time spent in this place.
 B = Non-inter-level travel time spent in this place.
 C = Inter-level travel time spent in this place.
 D = Time resting spent in this place.
 E = Time spent auto-exploring this place.
 F = Levels seen in this place.
 G = Mean time per level.
                   A        B        C        D        E       F      G
               +--------+--------+--------+--------+--------+-----+--------+
         Total |   1427 |   1390 |     37 |    818 |      0 |   1 | 1427.0 |
       Dungeon |   1427 |   1390 |     37 |    818 |      0 |   1 | 1427.0 |
               +--------+--------+--------+--------+--------+-----+--------+

Top non-repeatable levels by time:
       D: 1427 daAuts
